 Dungeon Crawl Stone Soup version 0.26.1-11-gd32895ea62 (webtiles) character file.

Game seed: 9617586181158005809

13407 Jabob the Covert (level 12, -16/85 HPs)
             Began as an Octopode Ice Elementalist on May 1, 2021.
             Was a Priest of Sif Muna.
             Demolished by a cane toad (23 damage)
             ... on level 11 of the Dungeon on May 18, 2021.
             The game lasted 01:07:36 (19017 turns).

Jabob the Covert (Octopode Ice Elementalist)       Turns: 19017, Time: 01:07:36

Health: -16/85     AC:  1    Str:  8    XL:     12   Next: 5%
Magic:  9/19       EV: 17    Int: 21    God:    Sif Muna [***...]
Gold:   823        SH:  0    Dex: 13    Spells: 9/20 levels left

rFire    . . .     SeeInvis .   y - +2 whip (flame)
rCold    . . .     Faith    .   (no shield)
rNeg     . . .     Spirit   .   (helmet restricted)
rPois    .         Reflect  .   a - amulet of regeneration
rElec    .         Harm     .   p - +4 ring of evasion
rCorr    .         Rampage  .   (no ring)
Will     .....                  (no ring)
Stlth    +++++.....             (no ring)
HPRegen  0.64/turn              (no ring)
MPRegen  0.16/turn              (no ring)
                                (no ring)
                                (no ring)

@: frozen ramparts
A: almost no armour, stealthy swim, amphibious, 8 rings, constrict 8, camouflage
1, gelatinous body 1
a: Renounce Religion, Channel Magic, Forget Spell


You were on level 11 of the Dungeon.
You worshipped Sif Muna.
Sif Muna was most pleased with you.
You visited 2 branches of the dungeon, and saw 13 of its levels.

You collected 823 gold pieces.

Inventory:

Hand Weapons
 e - the +8 trident of Compound Interest {freeze, +Inv rF+ Will- Dex+4}
   (You took it off an orc warrior on level 7 of the Dungeon)

   It has been specially enchanted to freeze those struck by it, causing extra
   injury to most foes and up to half again as much damage against particularly
   susceptible opponents.
   It can also slow down cold-blooded creatures.
   It affects your dexterity (+4).
   It protects you from fire.
   It affects your willpower, your defense against some magical effects.
   It lets you turn invisible.
 y - a +2 whip of flaming (weapon)
Missiles
 o - 17 poisoned darts
Armour
 c - a +0 kite shield
 G - the +0 hat "Emiex" {rPois rN+ Int-2 Slay+5}
   (You found it on level 7 of the Dungeon)

   It affects your intelligence (-2).
   It affects your accuracy and damage with ranged weapons and melee attacks
   (+5).
   It protects you from poison.
   It protects you from negative energy.
Magical Staves
 x - an uncursed staff of air
Jewellery
 a - an amulet of regeneration (around mantle)
 n - an uncursed amulet of the acrobat
 p - a +4 ring of evasion (left tentacle)
 s - an uncursed amulet of reflection
Wands
 z - a wand of disintegration (40)
 B - a wand of random effects (11)
 C - a wand of iceblast (9)
Scrolls
 d - 8 scrolls of teleportation
 f - 8 scrolls of amnesia
 j - a scroll of blinking
 m - 8 scrolls of remove curse
 t - 3 scrolls of enchant armour
 v - 2 scrolls of fog
 w - a scroll of holy word
 A - a scroll of immolation
 D - a scroll of brand weapon
 F - a scroll of magic mapping {unknown}
 H - a scroll of identify
Potions
 b - 6 potions of attraction
 g - 3 potions of might
 h - a potion of resistance
 i - 2 potions of heal wounds
 k - a potion of flight
 l - 4 potions of brilliance
 q - 7 potions of curing
 r - a potion of magic
 u - 5 potions of mutation
 E - 2 potions of lignification


   Skills:
 + Level 9.0 Fighting
 - Level 4.1 Maces & Flails
 - Level 2.0 Dodging
 + Level 10.4 Stealth
 + Level 2.8 Shields
 - Level 4.9 Spellcasting
 * Level 8.0 Conjurations
 - Level 4.3 Summonings
 - Level 9.0 Ice Magic
 - Level 6.1 Invocations


You had 9 spell levels left.
You knew the following spells:

 Your Spells              Type           Power        Failure   Level
a - Freeze                Ice            100%         1%          1
b - Frozen Ramparts       Ice            86%          1%          3
c - Summon Ice Beast      Ice/Summ       33%          7%          4
d - Ozocubu's Armour      Ice            43%          1%          3

Your spell library contained the following spells:

 Spells                   Type           Power        Failure   Level
 Summon Small Mammal      Summ           92%          1%          1
 Call Imp                 Summ           23%          2%          2
 Hailstorm                Conj/Ice       41%          3%          4
 Call Canine Familiar     Summ           23%          5%          3
 Iskenderun's Battlesphe  Conj           39%          11%         5
 Summon Guardian Golem    Hex/Summ       14%          14%         3
 Summon Lightning Spire   Summ/Air       14%          41%         4
 Bolt of Magma            Conj/Fire/Erth 8%           69%         5
 Iron Shot                Conj/Erth      11%          97%         6
 Orb of Destruction       Conj           19%          97%         7
 Spellforged Servitor     Conj/Summ      15%          100%        7


Dungeon Overview and Level Annotations

Branches:
Dungeon (12/15)            Temple (0/1) D:6            Lair (1/6) D:11
    Orc (0/2) D:9

Altars:
Ashenzari
Cheibriados
Elyvilon
Fedhas
Kikubaaqudgha
Qazlal
Ru
Sif Muna
Trog
Uskayaw
Vehumet
Wu Jian
Xom
The Shining One
Beogh

Annotations:
D:11 Gastronok
Lair:1 Erica


Innate Abilities, Weirdness & Mutations

You cannot wear most types of armour.
You are very stealthy in the water. (Stealth+)
You are amphibious.
You can wear up to eight rings at the same time.
You can use your tentacles to constrict eight enemies at once.
Your skin changes colour to match your surroundings (Stealth+).
Your rubbery body absorbs attacks. (AC +1, EV +1)


Message History

Confirm with . or Enter, or press ? or * to list all spells.
Casting: Frozen Ramparts (safe; 1% risk of failure)
Press: ? - help, Dir - look around, f - activate A staircase to the Lair.
The walls around you are covered in ice.
The wall freezes the cane toad.
The cane toad closely misses you.
Casting: Frozen Ramparts (safe; 1% risk of failure)
Confirm with . or Enter, or press ? or * to list all spells.
A chill wind blows around you.
The wall freezes the cane toad.
The cane toad seems to slow down.
The cane toad stings you!
* * * LOW HITPOINT WARNING * * *
Aiming: Freeze (safe; 1% risk of failure)
Press: ? - help, Q - select action, (/) - cycle Shift-Dir - straight line, f - cane toad
Aim: a cane toad (heavily wounded, slow)
You freeze the cane toad.
The cane toad is severely wounded.
The cane toad seems to slow down.
The wall freezes the cane toad!
The cane toad seems to slow down.
The cane toad stings you!!
You die...

##.## #####.#######.#### #####
#.#.#### #.##...#.#.#.....###...#
###....####...#....(....###.#.#.#
######.##.....#......####.##...#
#.#.###.......[.....#.###.##...#
##...........#...#.#..###'.##...#
#........##.##.Y.#.#.#..?####...#
.....##.#..####F########.# #...#
######..##.# ##@# #....# #.#.# #
########################.#.#
##########....####.##.#...#...#.#
#..#.............#....##..#.....#
#..'.............####'##..##....#
#..#.............##........#.##.#
##'####+#+#####'#####.######....#
.....†..#.....#.....#.#####.....#
........#.....#.....#.....#.....#


You could see a cane toad (slow) and a friendly ice beast (summoned).

Vanquished Creatures
  A two-headed ogre (D:11)
  The ghost of chaostorm the Arsonist, a novice DrFE of Ashenzari (D:7)
  Pikel (D:7)
  A gargoyle (D:10)
  Maggie (D:10)
  2 cane toads (Lair:1)
  3 komodo dragons
  Prince Ribbit (D:6)
  A troll (D:10)
  A hornet (D:10)
  2 wyverns
  12 yaks (D:10)
  3 basilisks
  Grum (D:10)
  Eustachio (D:4)
  Menkaure (D:6)
  An acid dragon (D:11)
  A water moccasin (Lair:1)
  Duvessa (D:6)
  3 orc warriors
  7 sky beasts
  3 phantoms
  A centaur (D:8)
  3 ogres
  An ice beast (D:5)
  A necrophage (D:10)
  3 wolves (D:10)
  4 lemures
  Blork the orc (D:4)
  5 bullfrogs
  2 scorpions
  Dowan (D:6)
  4 killer bees (D:10)
  3 wights
  A quasit (D:4)
  3 centaur skeletons
  A jelly (D:7)
  Crazy Yiuf (D:6)
  A bullfrog skeleton (D:7)
  10 orc priests
  4 hounds
  3 iguanas
  Natasha (thrice) (D:4)
  6 orc wizards
  2 worker ants
  A worker ant zombie (D:6)
  3 gnolls (D:9)
  5 adders
  A shadow imp (D:10)
  5 white imps
  An ufetubus (D:10)
  2 oozes
  An adder zombie (D:5)
  An adder skeleton (D:7)
  2 worms
  A dart slug (D:3)
  7 leopard geckos
  62 orcs
  2 ball pythons
  4 giant cockroaches
  7 goblins
  11 hobgoblins
  15 jackals
  10 kobolds
  6 quokkas
  6 bats
  9 frilled lizards
  A quokka skeleton (D:8)
  6 rats
282 creatures vanquished.

Vanquished Creatures (collateral kills)
  Erolcha (D:10)
  Harold (D:10)
  A two-headed ogre (D:10)
  Psyche (D:8)
  A troll (D:8)
  An orc warrior (D:7)
  A centaur (D:8)
  A hound (D:8)
8 creatures vanquished.

Vanquished Creatures (others)
  8 fungi
  17 plants
25 creatures vanquished.

Grand Total: 315 creatures vanquished

Notes
Turn   | Place    | Note
-------+----------+-------------------------------------------
     0 | D:1      | Jabob the Octopode Ice Elementalist began the quest for the
                  | Orb.
     0 | D:1      | Reached XP level 1. HP: 11/11 MP: 3/3
   283 | D:1      | Reached XP level 2. HP: 16/18 MP: 3/5
   383 | D:1      | Reached skill level 3 in Stealth
   762 | D:1      | Reached XP level 3. HP: 22/22 MP: 4/6
   796 | D:1      | Reached skill level 1 in Fighting
   846 | D:1      | Learned a level 3 spell: Frozen Ramparts
  1282 | D:2      | Found a stormy altar of Qazlal.
  1473 | D:2      | Found a bloodstained altar of Trog.
  1602 | D:2      | Found an ornate altar of the Wu Jian Council.
  1650 | D:2      | Reached XP level 4. HP: 24/28 MP: 5/7
  1931 | D:2      | Found a shimmering blue altar of Sif Muna.
  1934 | D:2      | Became a worshipper of Sif Muna the Loreminder
  2220 | D:3      | You fall into a shaft and drop 1 floor!
  2250 | D:3      | HP: 1/28 [white imp (2)]
  2303 | D:3      | HP: 1/28 [white imp/puff of frost (13)]
  2402 | D:3      | Found a broken altar of Ashenzari.
  2606 | D:3      | You fall into a shaft and drop 1 floor!
  2612 | D:4      | Noticed Blork the orc
  2683 | D:3      | Found a white marble altar of Elyvilon.
  2798 | D:3      | Found a sacrificial altar of Ru.
  2831 | D:3      | Found a shimmering altar of Xom.
  2835 | D:3      | Found a shimmering altar of Xom.
  2855 | D:3      | Found a shimmering altar of Xom.
  2855 | D:3      | Found a shimmering altar of Xom.
  2906 | D:3      | Learned a level 4 spell: Summon Ice Beast
  2935 | D:3      | Reached XP level 5. HP: 32/34 MP: 9/9
  2948 | D:3      | Found a shimmering altar of Xom.
  3063 | D:4      | Reached skill level 5 in Ice Magic
  3063 | D:4      | Reached skill level 1 in Invocations
  3068 | D:4      | Reached skill level 4 in Stealth
  3087 | D:4      | Reached * piety under Sif Muna
  3168 | D:4      | Noticed Eustachio
  3178 | D:4      | Noticed Natasha
  3185 | D:4      | Killed Natasha
  3186 | D:4      | Reached XP level 6. HP: 37/39 MP: 4/10
  3360 | D:4      | Noticed Natasha
  3367 | D:4      | Killed Natasha
  3529 | D:4      | Noticed Natasha
  3535 | D:4      | Killed Natasha
  3751 | D:4      | Killed Blork the orc
  3817 | D:4      | Learned a level 3 spell: Ozocubu's Armour
  3829 | D:5      | Entered Level 5 of the Dungeon
  3841 | D:5      | Found a sand-covered staircase.
  3984 | D:5      | Reached XP level 7. HP: 34/45 MP: 2/11
  4088 | D:5      | Reached skill level 5 in Stealth
  4496 | D:6      | Found an ancient bone altar of Kikubaaqudgha.
  4596 | D:6      | Found a staircase to the Ecumenical Temple.
  4604 | D:6      | Noticed Menkaure
  5030 | D:6      | Found a runed translucent door.
  5031 | D:6      | Noticed Crazy Yiuf
  5042 | D:6      | Killed Crazy Yiuf
  5086 | D:6      | Found a blossoming altar of Fedhas.
  5170 | D:6      | Reached XP level 8. HP: 42/52 MP: 8/13
  5250 | D:6      | Noticed Dowan
  5251 | D:6      | Noticed Duvessa
  5264 | D:6      | Killed Dowan
  5270 | D:6      | Killed Duvessa
  5345 | D:6      | Reached skill level 6 in Stealth
  5865 | D:7      | Noticed Pikel
  5967 | D:7      | Found a runed translucent gate.
  5967 | D:7      | Found a runed translucent gate.
  5967 | D:7      | Found a runed translucent gate.
  5967 | D:7      | Identified the +8 trident of Compound Interest {freeze,
                  | +Inv rF+ Will- Dex+4}
  5968 | D:7      | Found a roughly hewn altar of Beogh.
  5968 | D:7      | Noticed chaostorm's ghost (novice DrFE)
  6190 | D:7      | Reached ** piety under Sif Muna
  6361 | D:7      | Learned a level 4 spell: Hailstorm
  6368 | D:7      | Killed Pikel
  6369 | D:7      | Reached skill level 7 in Stealth
  6369 | D:7      | Reached XP level 9. HP: 58/59 MP: 7/16
  6447 | D:7      | Found a glowing golden altar of the Shining One.
  6491 | D:7      | Found a blossoming altar of Fedhas.
  6724 | D:6      | HP: 3/60 [ice beast (7)]
  6975 | D:5      | Reached skill level 1 in Maces & Flails
  7381 | D:6      | Killed Menkaure
  7840 | D:6      | Noticed Prince Ribbit
  7848 | D:6      | Killed Prince Ribbit
  8551 | D:7      | Reached skill level 5 in Fighting
  8551 | D:7      | Reached skill level 1 in Summonings
  8746 | D:8      | Noticed Psyche
  8830 | D:8      | Noticed a troll
  8839 | D:8      | Killed a troll
  8976 | D:8      | Reached XP level 10. HP: 42/68 MP: 11/17
  9144 | D:8      | Reached skill level 5 in Invocations
  9989 | D:8      | Found a stormy altar of Qazlal.
 10085 | D:9      | Found a hide-covered altar of Uskayaw.
 10361 | D:9      | Reached *** piety under Sif Muna
 10385 | D:9      | Found a staircase to the Orcish Mines.
 11209 | D:9      | Reached skill level 8 in Stealth
 11334 | D:9      | Found a snail-covered altar of Cheibriados.
 11477 | D:10     | Entered Level 10 of the Dungeon
 11539 | D:10     | HP: 1/69 [yak (14)]
 12082 | D:10     | Found a radiant altar of Vehumet.
 12230 | D:10     | Noticed Erolcha
 12265 | D:10     | Killed Erolcha
 12472 | D:10     | Noticed a two-headed ogre
 12483 | D:10     | Killed a two-headed ogre
 12603 | D:10     | Reached XP level 11. HP: 9/75 MP: 16/18
 12722 | D:10     | Noticed Maggie
 12731 | D:10     | Killed Maggie
 12845 | D:10     | Reached skill level 5 in Conjurations
 13217 | D:10     | Paralysed by a hornet for 2 turns
 13336 | D:10     | Reached **** piety under Sif Muna
 13478 | D:10     | Noticed Harold
 13489 | D:10     | Killed Harold
 13490 | D:10     | Reached skill level 9 in Stealth
 13931 | D:10     | Noticed Grum
 13944 | D:10     | Killed Grum
 14476 | D:11     | Noticed Gastronok
 15557 | D:11     | Noticed a two-headed ogre
 15563 | D:11     | Killed a two-headed ogre
 15564 | D:11     | Reached skill level 1 in Shields
 15805 | D:11     | Found a staircase to the Lair.
 16170 | D:11     | Reached skill level 10 in Stealth
 16610 | D:8      | Killed Psyche
 17001 | D:8      | Found a stormy altar of Qazlal.
 17160 | D:7      | Killed chaostorm's ghost
 17441 | D:7      | Got a distressingly furry hat
 17447 | D:7      | Identified the +0 hat "Emiex" {rPois rN+ Int-2 Slay+5} (You
                  | found it on level 7 of the Dungeon)
 18040 | D:4      | Killed Eustachio
 18276 | Lair:1   | Entered Level 1 of the Lair of Beasts
 18447 | Lair:1   | Noticed Erica
 18681 | Lair:1   | Reached XP level 12. HP: 82/84 MP: 13/19
 19017 | D:11     | Demolished by a cane toad

Illustrated notes

Levels and vault maps discovered:
D:1:      dpeg_arrival_line_fractal, layout_loops_cross, minmay_misc_feat_doors,
          minmay_hexomino_u4
D:2:      layout_loops_cross, lemuel_blue_sif_altar,
          pdpol_wu_jian_five_deadly_venoms, lightli_temple_of_fire,
          nicolae_qazlal_general_emergency
D:3:      layout_rooms, evilmike_ruin_ashenzari, xom_redecorated,
          elyvilon_altar_1, nicolae_ru_path_of_blood
D:4:      layout_rooms, serial_bayou_pond_b, minmay_misc_feat_hallway,
          minivault_25, hangedman_decor_lopped, serial_park_tiny_1,
          uniq_natasha, uniq_eustachio, uniq_blork_the_orc
D:5:      layout_cave_pools, nicolae_ossuary_entry_false_entrances
D:6:      layout_basic, kennysheep_little_box, lemuel_round_altar,
          minmay_temple_entry_water_ring, uniq_menkaure, uniq_prince_ribbit1,
          uniq_duvessa, uniq_crazy_yiuf_cottage
D:7:      layout_basic, old_standard_altar, biasface_ghost_orc_armoury,
          fedhas_altar_3, uniq_pikel
D:8:      nicolae_whirlpool, layout_cave_pools, lemuel_coloured_pillars_altar,
          serial_column_ruins, column_ruins_hut_ruined, column_ruins_open_tiny,
          column_ruins_columns_corner, column_ruins_open_large,
          column_ruins_open_small, column_ruins_columns_straight, uniq_psyche
D:9:      layout_stronghold, lemuel_round_altar, slow_altar_2,
          hiddenorc2_lemuel, minmay_lizard_king
D:10:     layout_stronghold, basic_altar, uniq_harold, uniq_erolcha,
          uniq_maggie, uniq_grum
D:11:     layout_stronghold, erik_lair_dragon, uniq_gastronok
D:12:     layout_loops_ring, enter_bailey_6, uniq_frances
Lair:1:   layout_chaotic_city, chequers_serial_rivers_micro_b, uniq_erica

Skill      XL: |  1  2  3  4  5  6  7  8  9 10 11 12 |
---------------+-------------------------------------+-----
Stealth        | 3 4 5 7 8 10 | 10.4
Fighting       | 1 2 3 4 5 7 8 9 |  9.0
Ice Magic      | 5 6 8 9 |  9.0
Invocations    | 1 2 3 4 6 |  6.1
Spellcasting   | 3 4 |  4.9
Maces & Flails | 4 |  4.1
Summonings     | 2 4 |  4.3
Conjurations   | 3 7 8 |  8.0
Shields        | 2 |  2.8
Dodging        | |  2.0

Action                   |  1- 3 |  4- 6 |  7- 9 | 10-12 || total
-------------------------+-------+-------+-------+-------++-------
Melee: Unarmed           |    10 |    94 |   157 |       ||   261
       Tentacles         |     2 |    17 |    45 |    31 ||    95
       Constrict         |     1 |    17 |    25 |    25 ||    68
       Whip              |       |       |   116 |   174 ||   290
Throw: Dart              |       |     7 |    12 |       ||    19
 Cast: Freeze            |    61 |    53 |    49 |   187 ||   350
       Frozen Ramparts   |       |     3 |    15 |    35 ||    53
       Ozocubu's Armour  |       |       |     3 |     1 ||     4
       Summon Ice Beast  |       |       |     3 |    17 ||    20
Invok: Channel Magic     |       |       |     1 |       ||     1
       Forget Spell      |       |       |       |     1 ||     1
Evoke: Wand              |       |       |     9 |       ||     9
  Use: Scroll            |     2 |    11 |     7 |    10 ||    30
       Potion            |       |     5 |     3 |     3 ||    11
 Stab: Sleeping          |     2 |     4 |     8 |     3 ||    17
       Distracted        |       |     1 |       |       ||     1
Armor: Skin              |     6 |    14 |    17 |    32 ||    69
Dodge: Dodged            |    35 |   128 |   269 |   249 ||   681
Block: Kite shield       |       |       |       |     3 ||     3
